AoeStats
← chewie1706

Arena

505241609Analyzed
4v4 RM · 25d ago on Sep 8, 2026· 49m 4s· 8 players
Game mode
Random Map
Map size
Large (8 player)
Population
200
Speed
Normal
Resources
Standard
Victory
Conquest
Starting age
Dark Age
Ending age
Imperial Age
RankedLock teamsTeams togetherTeam positionsShared explorationLock speedFull tech treeHidden civsTurbo modeCheats
Victory
Defeat
🇫🇷 Poles · France
1484
+11
🇫🇷 Hindustanis · France
1425
+13
🇫🇷 Teutons · France
1349
+16
🇨🇭 Huns · Switzerland
1287
+19
🇹🇼 Persians · Taiwan
1387
-16
🇹🇼 Jurchens · Taiwan
1374
-15
🇹🇼 Celts · Taiwan
1362
-15
🇹🇼 Byzantines · Taiwan
1315
-13
[UZN]Listenphone
6:27 Loom
9:17 Feudal Age
10:13 Double-Bit Axe
15:21 Wheelbarrow
17:08 Wheelbarrow
21:35 Castle Age
21:51 Horse Collar
22:53 Bow Saw
22:45 Heavy Plow
24:38 Hand Cart
24:34 Gold Mining
26:47 Stone Mining
29:57 Imperial Age
30:40 Ballistics
31:31 Fortified Wall
32:43 Siege Engineers
33:25 Heavy Scorpion
36:42 Chemistry
35:13 Pikeman
35:54 Onager
37:12 Capped Ram
39:52 Furor Celtica
40:03 Conscription
42:35 Guilds
41:49 Siege Ram
42:35 Halberdier
45:14 Scale Mail Armor
45:25 Forging
45:33 Caravan
[UZN]1111111
10:55 Feudal Age
9:55 Loom
12:55 Horse Collar
13:01 Double-Bit Axe
17:10 Castle Age
17:08 Scale Barding Armor
17:47 Forging
23:45 Wheelbarrow
25:00 Loom
26:40 Hand Cart
27:59 Chain Barding Armor
28:14 Iron Casting
28:18 Heavy Plow
29:00 Iron Casting
28:55 Town Watch
31:08 Scale Mail Armor
34:14 Imperial Age
32:18 Chain Mail Armor
31:40 Pikeman
32:37 Masonry
32:41 Squires
33:22 Bow Saw
35:02 Plate Mail Armor
35:33 Blast Furnace
33:58 Halberdier
35:52 Chemistry
37:12 Conscription
37:03 Kamandaran
37:54 Fletching
38:04 Padded Archer Armor
39:00 Architecture
39:44 Ballistics
39:00 Elite Skirmisher
39:46 Bodkin Arrow
40:23 Thumb Ring
40:35 Leather Archer Armor
41:42 Two-Man Saw
42:31 Crop Rotation
46:40 Citadels
47:25 Ring Archer Armor
royalchen
5:42 Loom
10:15 Feudal Age
13:59 Castle Age
12:08 Double-Bit Axe
12:55 Horse Collar
15:09 Bow Saw
15:37 Heavy Plow
22:26 Wheelbarrow
29:18 Imperial Age
26:34 Loom
27:11 Forging
27:07 Scale Barding Armor
28:10 Hand Cart
28:54 Iron Casting
29:06 Chain Barding Armor
28:51 Gold Mining
28:51 Stone Mining
29:03 Padded Archer Armor
29:48 Scale Mail Armor
31:05 Chemistry
30:32 Thunderclap Bombs
30:20 Stone Mining
31:46 Crop Rotation
32:02 Plate Barding Armor
32:30 Blast Furnace
32:17 Leather Archer Armor
32:10 Siege Engineers
32:12 Husbandry
32:22 Bloodlines
33:18 Chain Mail Armor
33:51 Conscription
33:06 Elite Steppe Lancer
34:34 Fletching
34:32 Elite Fire Lancer
35:13 Squires
36:53 Bodkin Arrow
39:14 Coinage
38:48 Caravan
42:51 Ring Archer Armor
43:17 Arson
45:41 Light Cavalry
49:20 Two-Man Saw
[UZN] Yen Lo
10:40 Feudal Age
9:42 Loom
13:36 Fletching
15:13 Horse Collar
23:16 Castle Age
22:00 Double-Bit Axe
31:54 Gold Mining
31:55 Stone Mining
33:58 Gold Shaft Mining
33:58 Stone Shaft Mining
34:47 Fortified Wall
37:44 Stone Shaft Mining
Babifort
11:04 Feudal Age
9:43 Loom
15:22 Castle Age
13:24 Loom
14:05 Double-Bit Axe
15:13 Horse Collar
17:51 Bow Saw
22:16 Wheelbarrow
23:10 Heavy Plow
28:00 Imperial Age
25:57 Scale Mail Armor
26:08 Forging
25:36 Pikeman
27:40 Chain Mail Armor
28:52 Iron Casting
30:57 Two-Man Saw
30:53 Hand Cart
30:01 Onager
31:51 Town Watch
32:38 Plate Mail Armor
33:08 Blast Furnace
31:59 Fletching
32:46 Crop Rotation
32:56 Conscription
34:08 Chemistry
33:19 Masonry
34:07 Halberdier
35:38 Siege Onager
36:53 Siege Engineers
37:32 Squires
38:34 Blast Furnace
37:43 Bodkin Arrow
43:46 Padded Archer Armor
47:13 Elite Teutonic Knight
chewie1706
5:16 Loom
8:03 Feudal Age
9:03 Double-Bit Axe
10:23 Fletching
11:49 Horse Collar
17:16 Wheelbarrow
16:27 Town Watch
21:36 Castle Age
22:21 Bodkin Arrow
22:47 Heavy Plow
22:59 Bow Saw
27:49 Scale Mail Armor
28:03 Gold Mining
33:17 Imperial Age
31:41 Stone Mining
32:36 Padded Archer Armor
33:35 Leather Archer Armor
33:00 Crossbowman
34:25 Bracer
34:31 Thumb Ring
34:34 Arbalester
36:54 Chemistry
36:15 Ballistics
37:08 Conscription
40:12 Scale Barding Armor
40:18 Forging
40:42 Crop Rotation
40:17 Capped Ram
42:24 Iron Casting
42:10 Chain Barding Armor
42:26 Lechitic Legacy
43:05 Hand Cart
42:53 Town Patrol
45:10 Blast Furnace
45:17 Caravan
45:59 Coinage
45:42 Masonry
45:12 Treadmill Crane
45:43 Fortified Wall
47:48 Husbandry
47:08 Light Cavalry
47:59 Bloodlines
48:12 Winged Hussar
AGS.Grimnel
11:14 Feudal Age
15:46 Castle Age
14:27 Double-Bit Axe
14:26 Horse Collar
22:11 Wheelbarrow
22:53 Bow Saw
23:08 Heavy Plow
29:52 Imperial Age
27:45 Hand Cart
27:20 Loom
27:43 Gold Mining
28:56 Bloodlines
28:47 Husbandry
29:01 Scale Barding Armor
29:08 Forging
30:10 Chain Barding Armor
31:21 Iron Casting
30:40 Cavalier
32:14 Plate Barding Armor
31:36 Town Watch
33:57 Chemistry
33:09 Masonry
32:57 Murder Holes
34:36 Two-Man Saw
34:14 Gold Shaft Mining
35:36 Blast Furnace
35:44 Paladin
36:20 Pikeman
37:01 Squires
36:24 Light Cavalry
38:18 Hussar
40:32 Fletching
42:43 Conscription
47:36 Caravan
AGS.Sylvatica
10:18 Feudal Age
14:11 Castle Age
12:12 Double-Bit Axe
12:34 Horse Collar
18:23 Loom
18:24 Town Watch
20:43 Wheelbarrow
23:18 Hand Cart
28:18 Imperial Age
28:05 Scale Barding Armor
28:10 Forging
28:30 Bloodlines
28:21 Husbandry
28:25 Heavy Camel Rider
30:03 Chain Barding Armor
30:19 Iron Casting
31:40 Plate Barding Armor
31:18 Imperial Camel Rider
33:09 Chemistry
34:08 Blast Furnace
33:11 Padded Archer Armor
34:24 Blast Furnace
34:05 Conscription
34:59 Leather Archer Armor
39:27 Ring Archer Armor
41:48 Fletching
43:06 Bodkin Arrow
44:49 Bracer
46:00 Coinage
45:31 Caravan
45:41 Light Cavalry
46:37 Hussar
Connection lost

Rejoining the realm…

Still unreachable

The connection could not be restored.

Session expired

The server has moved on; the page needs a fresh start.